 Dungeon Crawl Stone Soup version 0.29-a0-334-gb41bcbb86e (webtiles) character file.

Game seed: 7635114806198096637

803 KateM the Chopper (level 7, 0/63 HPs)
             Began as a Minotaur Fighter on Apr 15, 2022.
             Was a Follower of Okawaru.
             Slain by an orc
             ... wielding a +0 dagger
              (2 damage)
             ... on level 5 of the Dungeon.
             The game lasted 00:04:06 (3509 turns).

KateM the Chopper (Minotaur Fighter)                Turns: 3509, Time: 00:04:07

Health: 0/63       AC: 10    Str: 22    XL:     7   Next: 59%
Magic:  6/6        EV:  9    Int:  5    God:    Okawaru [*.....]
Gold:   201        SH:  4    Dex: 10    Spells: 6/6 levels left

rFire   . . .      SeeInvis .   a - +0 war axe
rCold   . . .      Faith    .   c - +0 buckler
rNeg    . . .      Spirit   .   b - +0 scale mail
rPois   .          Reflect  .   (helmet restricted)
rElec   .          Harm     .   (no cloak)
rCorr   .          Rampage  .   m - +2 pair of gloves
Will    .....                   (no boots)
Stlth   ..........              (no amulet)
HPRegen 0.20/turn               (no ring)
MPRegen 0.10/turn               (no ring)

@: no status effects
A: horns 2, retaliatory headbutt
a: Renounce Religion, Heroism


You were on level 5 of the Dungeon.
You worshipped Okawaru.
Okawaru was aware of your devotion.
You visited 1 branch of the dungeon, and saw 5 of its levels.

You collected 201 gold pieces.

Inventory:

Hand Weapons
 a - a +0 war axe (weapon)
Armour
 b - a +0 scale mail (worn)
 c - a +0 buckler (worn)
 m - a +2 pair of gloves (worn)
Jewellery
 l - a ring of wizardry
 A - a ring of poison resistance
Wands
 q - a wand of digging (4)
 v - a wand of charming (20)
 w - a wand of paralysis (8)
Scrolls
 e - a scroll of silence {unknown}
 f - 3 scrolls of teleportation {unknown}
 g - a scroll of holy word {unknown}
 i - 2 scrolls of fear {unknown}
 j - 2 scrolls of torment {unknown}
 k - 5 scrolls of identify {unknown}
 o - a scroll of amnesia {unknown}
 r - 2 scrolls of enchant armour {unknown}
 t - a scroll of magic mapping {unknown}
 u - a scroll of fog {unknown}
 y - 2 scrolls of blinking {unknown}
 D - a scroll of enchant weapon {unknown}
Potions
 d - 7 potions of might
 h - 5 potions of curing {unknown}
 n - 2 potions of attraction {unknown}
 p - a potion of resistance {unknown}
 s - a potion of magic {unknown}
 x - 2 potions of heal wounds {unknown}
 z - a potion of degeneration {unknown}
 B - a potion of lignification {unknown}
 C - a potion of haste {unknown}


   Skills:
 + Level 6.2 Fighting
 * Level 7.6 Axes
 + Level 6.2 Armour
 - Level 3.6 Shields


You had 6 spell levels left.
You didn't know any spells.
Your spell library was empty.

Dungeon Overview and Level Annotations

Branches:
Dungeon (5/15)
 Temple: D:4-7

Altars:
Dithmenos
Elyvilon
Kikubaaqudgha
Okawaru
Uskayaw
The Shining One

Shops:
D:1 [   D:2 [

Annotations:
D:5 Dowan


Innate Abilities, Weirdness & Mutations

You have a pair of horns on your head.
You reflexively headbutt those who attack you in melee.


Message History

Dowan blinks!
You hit Duvessa. You headbutt Duvessa!
Duvessa is heavily wounded.
Duvessa hits you but does no damage. Duvessa hits you with a +0 short sword!
You hit Duvessa but do no damage. You headbutt Duvessa!
Duvessa is severely wounded.
You closely miss the orc. Duvessa hits you with a +0 short sword!
You block the orc's attack.
You closely miss Duvessa. You headbutt Duvessa!
You kill Duvessa!
Okawaru accepts your kill.
Dowan's eyes darken. "You have made a black mistake."
Dowan seems to find hidden reserves of power!
You closely miss the orc. The orc hits you but does no damage.
Dowan casts a spell at you. The stone arrow hits you!!
Dowan hits you but does no damage. The orc hits you with a +0 dagger.
* * * LOW HITPOINT WARNING * * *
Things that are here:
a +0 short sword; a +0 leather armour; the elf corpse of Duvessa You closely miss Dowan.
Your headbutt misses Dowan.
Dowan is heavily wounded.
You barely miss the orc. Dowan barely misses you. You furiously retaliate!
You headbutt Dowan, but do no damage. The orc completely misses you.
Dowan gestures wildly while chanting.
Dowan blinks!
The orc wizard casts a spell at you. The puff of flame hits you!
* * * LOW HITPOINT WARNING * * *
The orc barely misses you. You furiously retaliate!
You headbutt the orc. The orc barely misses you. Dowan casts a spell at you.
The stone arrow hits you!
* * * LOW HITPOINT WARNING * * *
There is a stone staircase leading up, spattered with blood here.
The orc wizard mumbles some strange words.
The orc wizard flickers and vanishes!
Deactivating autopickup; reactivate with Ctrl-A.
The orc hits you with a +0 dagger.
You die...

### ####.## #####
#..#..# #...#####.....#
##.....##......#
##....##...##..##
#............@##
##.#........)o#
##.........e..{####
#............#.#..#.#..
##...........#.........
##....#............##.
####.....##.....###.###
.##.........###.. ).#
......>.#...# #. ...


You could see Dowan (fast) and an orc.

Vanquished Creatures
  Menkaure (D:5)
  Duvessa (D:5)
  A black bear (D:4)
  A phantom (D:4)
  A howler monkey (D:5)
  An orc priest (D:4)
  A hound (D:5)
  Jessica (D:3)
  Natasha (thrice) (D:3)
  An iguana (D:4)
  3 orc wizards (D:5)
  4 adders
  2 dart slugs
  9 orcs
  3 ball pythons
  6 bats
  4 endoplasms
  4 giant cockroaches
  9 goblins
  10 hobgoblins
  2 quokkas (D:1)
  2 frilled lizards
  7 kobolds
  5 rats
82 creatures vanquished.

Notes
Turn   | Place    | Note
-------+----------+-------------------------------------------
     0 | D:1      | KateM the Minotaur Fighter began the quest for the Orb.
     0 | D:1      | Reached XP level 1. HP: 19/19 MP: 0/0
     3 | D:1      | Found Livuecvufoch's Antique Armour Emporium.
   179 | D:1      | Reached XP level 2. HP: 27/27 MP: 1/1
   188 | D:1      | Reached skill level 3 in Axes
   658 | D:2      | Found Xuunijow's Armour Boutique.
   699 | D:2      | Reached XP level 3. HP: 26/33 MP: 2/2
   889 | D:2      | Found a faded altar of an unknown god.
   901 | D:2      | You fall into a shaft and drop 1 floor!
   917 | D:3      | Reached skill level 4 in Axes
   987 | D:2      | Reached XP level 4. HP: 40/40 MP: 3/3
  1568 | D:3      | Noticed Jessica
  1572 | D:3      | Killed Jessica
  1759 | D:3      | Noticed Natasha
  1776 | D:3      | Killed Natasha
  1777 | D:3      | Reached XP level 5. HP: 35/47 MP: 4/4
  1920 | D:3      | Noticed Natasha
  1926 | D:3      | Killed Natasha
  1927 | D:3      | Reached skill level 5 in Axes
  1961 | D:3      | Noticed Natasha
  1966 | D:3      | Killed Natasha
  2312 | D:4      | Noticed a black bear
  2318 | D:4      | Killed a black bear
  2319 | D:4      | Reached skill level 5 in Fighting
  2319 | D:4      | Reached skill level 5 in Armour
  2319 | D:4      | Reached XP level 6. HP: 53/56 MP: 5/5
  2352 | D:4      | Found a hide-covered altar of Uskayaw.
  2473 | D:4      | Found an iron altar of Okawaru.
  2475 | D:4      | Found a glowing golden altar of the Shining One.
  2475 | D:4      | Found a shadowy altar of Dithmenos.
  2477 | D:4      | Found a white marble altar of Elyvilon.
  2553 | D:4      | Became a worshipper of Warmaster Okawaru
  2742 | D:4      | Reached skill level 6 in Axes
  3024 | D:5      | Entered Level 5 of the Dungeon
  3058 | D:5      | Found an ancient bone altar of Kikubaaqudgha.
  3129 | D:5      | Noticed Menkaure
  3137 | D:5      | Killed Menkaure
  3137 | D:5      | Reached * piety under Okawaru
  3138 | D:5      | Reached XP level 7. HP: 58/62 MP: 6/6
  3143 | D:5      | Reached skill level 7 in Axes
  3307 | D:5      | Noticed Dowan
  3312 | D:5      | Noticed Duvessa
  3504 | D:5      | Killed Duvessa
  3508 | D:5      | HP: 2/63 [Dowan/stone arrow (9)]
  3509 | D:5      | Slain by an orc

Illustrated notes

Levels and vault maps discovered:
D:1:      dpeg_arrival_stone_temple_mockup, layout_rooms, serial_shops, shop,
          minmay_tetromino_i4
D:2:      layout_loops_ring, serial_shops, nicolae_shop_crystal,
          hellmonk_ecumenical_altar_leap_of_faith
D:3:      layout_basic, grunt_ministairs_4, st_stairs_11, uniq_jessica,
          uniq_natasha
D:4:      layout_rooms, chequers_temple_overflow_statue_of_worship,
          mainiacjoe_overflow_surrounded_room, corexii_leaking_fountain,
          chequers_serial_rivers_small_3
D:5:      layout_cave_pools, mainiacjoe_overflow_24_doors,
          minmay_temple_entry_junction, uniq_menkaure, uniq_duvessa

Skill      XL: |  1  2  3  4  5  6  7 |
---------------+----------------------+-----
Axes           | 3 4 5 6 7 |  7.6
Fighting       | 4 5 6 |  6.2
Armour         | 4 5 6 |  6.2
Shields        | |  3.6

Action                   |  1- 3 |  4- 6 |  7- 9 || total
-------------------------+-------+-------+-------++-------
Melee: War axe           |    64 |   105 |    29 ||   198
       Headbutt          |     4 |    11 |     9 ||    24
Armor: Scale mail        |    37 |    39 |    11 ||    87
Dodge: Dodged            |    25 |    38 |    18 ||    81
Block: Buckler           |    21 |    14 |     5 ||    40

Table legend: (Time is in decaauts)
 A = Elapsed time spent in this place.
 B = Non-inter-level travel time spent in this place.
 C = Inter-level travel time spent in this place.
 D = Time resting spent in this place.
 E = Time spent auto-exploring this place.
 F = Levels seen in this place.
 G = Mean time per level.
                   A        B        C        D        E       F      G
               +--------+--------+--------+--------+--------+-----+--------+
         Total |   3574 |   3574 |      0 |    243 |   2535 |   5 |  714.8 |
       Dungeon |   3574 |   3574 |      0 |    243 |   2535 |   5 |  714.8 |
               +--------+--------+--------+--------+--------+-----+--------+

Top non-repeatable levels by time:
     D:3: 1082 daAuts
     D:4: 928 daAuts
     D:2: 660 daAuts
     D:1: 585 daAuts
     D:5: 316 daAuts
